 Dungeon Crawl Stone Soup version 0.30-a0-168-g0b976cbdc4 (webtiles) character file.

Game seed: 6858577510050273415

219 qw the Shield-Bearer (level 5, 0/32 HPs)
             Began as a Gargoyle Fighter on Sept 29, 2022.
             Slain by a black bear (2 damage)
             ... on level 4 of the Dungeon.
             The game lasted 00:01:12 (3855 turns).

qw the Shield-Bearer (Gargoyle Fighter)             Turns: 3855, Time: 00:01:13

Health: 0/32       AC: 10    Str: 21    XL:     5   Next: 96%
Magic:  5/5        EV:  6    Int:  9    God:
Gold:   63         SH: 12    Dex:  9    Spells: 4/4 levels left

rFire   . . .      SeeInvis .    Y - +0 war axe
rCold   . . .      Faith    .    m - +0 tower shield
rNeg    + . .      Spirit   .    b - +0 scale mail
rPois   inf        Reflect  .    (no helmet)
rElec   +          Harm     .    (no cloak)
rCorr   .          Rampage  .    (no gloves)
Will    .....                    (no boots)
Stlth   ..........               (no amulet)
HPRegen 0.10/turn                (no ring)
MPRegen 0.09/turn                (no ring)

@: no status effects
A: sickness immunity, AC +4, negative energy resistance 1, electricity
resistance, torment resistance 1, petrification resistance
a: no special abilities


You were on level 4 of the Dungeon.
You visited 1 branch of the dungeon, and saw 4 of its levels.

You collected 63 gold pieces.


Innate Abilities, Weirdness & Mutations

You are immune to sickness and miasma.
Your stone body is resilient. (AC +4)
You are immune to poison.
You resist negative energy. (rN+)
You are resistant to electric shocks. (rElec)
You are resistant to unholy torment.
You are immune to petrification.


   Skills:
 - Level 3.2 Fighting
 - Level 3.6 Axes
 - Level 3.2 Armour
 + Level 5.9 Shields


You had 4 spell levels left.
You didn't know any spells.
Your spell library was empty.

Inventory:

Hand Weapons
 c - a +0 flail
 Y - a +0 war axe (weapon)
Armour
 b - a +0 scale mail (worn)
 m - a +0 tower shield (worn)
Scrolls
 a - 2 scrolls of identify
 f - a scroll of enchant weapon {unknown}
Potions
 d - a potion of might
 e - a potion of haste
 g - 3 potions of resistance
 h - a potion of degeneration {unknown}
 i - a potion of cancellation {unknown}
 l - a potion of heal wounds {unknown}
 n - a potion of berserk rage {unknown}

Dungeon Overview and Level Annotations

Branches:
Dungeon (4/15)
 Temple: D:4-7

Altars:
Elyvilon
Nemelex Xobeh
Yredelemnul
The Shining One

Annotations:
D:3 1 runed translucent door


Message History

The black bear bites you but does no damage.
You block the black bear's attack. x2; The black bear closely misses you.
The black bear claws you but does no damage. x2
You closely miss the black bear.
The black bear is severely wounded.
You block the black bear's attack. The black bear claws you.
You block the black bear's attack.
You closely miss the black bear.
The black bear is severely wounded.
The black bear bites you but does no damage.
You block the black bear's attack.
The black bear claws you but does no damage.
The black bear bites you.
The black bear claws you but does no damage. x2
You barely miss the black bear.
The black bear is severely wounded.
You block the black bear's attack. The black bear completely misses you.
The black bear claws you but does no damage.
The black bear barely misses you.
The black bear claws you but does no damage. x2
You hit the black bear.
The black bear is severely wounded.
You block the black bear's attack.
The black bear claws you but does no damage. x2
You block the black bear's attack. x2; The black bear barely misses you.
You hit the black bear.
The black bear is severely wounded.
The black bear goes berserk!
You slash the black bear!
The black bear is almost dead.
The black bear bites you! The black bear barely misses you.
The black bear claws you but does no damage.
You block the black bear's attack. The black bear claws you.
You block the black bear's attack. x2; The black bear closely misses you.
The black bear claws you but does no damage.
You barely miss the black bear.
The black bear is almost dead.
The black bear bites you. You block the black bear's attack.
The black bear claws you.
You die...

#......#+#.......##...........
#...#...'_+.....######.........
#.###...#+#....# ##........ #.#
#........## #........ .#
#........## #........
#......#..# .........
#...####..## ......... .....##
##..## ........ #...# #.@.#
....... #..# ##h....... ......
#.. #........ ...... #.
#..###... ..## .. ..# . .## ..


You could see a black bear (berserk).

Vanquished Creatures
  2 orc priests (D:3)
  A hound (D:4)
  A human zombie (D:3)
  2 adders
  A white imp (D:3)
  6 orcs
  7 ball pythons
  8 endoplasms
  2 giant cockroaches
  7 goblins
  6 hobgoblins
  4 jackals (D:4)
  2 quokkas (D:1)
  A bat (D:2)
  2 frilled lizards
  A jackal skeleton (D:3)
  9 kobolds
  2 rats (D:1)
64 creatures vanquished.

Notes
Turn   | Place    | Note
-------+----------+-------------------------------------------
     0 | D:1      | qw the Gargoyle Fighter began the quest for the Orb.
     0 | D:1      | Reached XP level 1. HP: 14/14 MP: 1/1
     0 | D:1      | 0 ||| qw: Version: 0.2-a-12-gaebbb33
     0 | D:1      | 0 ||| qw: Game counter: 1249
     0 | D:1      | 0 ||| qw: Always use a shield: true
     0 | D:1      | 0 ||| qw: God list: Okawaru
     0 | D:1      | 0 ||| qw: Allow faded altars: false
     0 | D:1      | 0 ||| qw: Do Orc after D:15 true
     0 | D:1      | 0 ||| qw: Do second Lair branch before Depths: true
     0 | D:1      | 0 ||| qw: Lair rune preference: random
     0 | D:1      | 0 ||| qw: Plans: Normal, Zot:1-4, God:TSO, Crypt, Tomb,
                  | Pan, Slime:5, Hells, Abyss, Orb
     0 | D:1      | 0 ||| PLANNING D:1-11
   183 | D:1      | Reached XP level 2. HP: 11/19 MP: 2/2
   429 | D:1      | Found a faded altar of an unknown god.
   668 | D:1      | 668 ||| DROPPING +0 club.
   892 | D:1      | 892 ||| Stepping ~*~*~tactically~*~*~ (stealth).
   893 | D:1      | 893 ||| Stepping ~*~*~tactically~*~*~ (stealth).
   896 | D:1      | 896 ||| Stepping ~*~*~tactically~*~*~ (stealth).
   919 | D:1      | Reached skill level 3 in Axes
  1023 | D:1      | Reached XP level 3. HP: 18/23 MP: 3/3
  1390 | D:1      | 1390 ||| READING 2 scrolls labelled YRUCAU CELIEFA.
  1559 | D:2      | 1559 ||| Stepping ~*~*~tactically~*~*~ (hiding).
  2467 | D:2      | 2467 ||| UPGRADING to +0 tower shield.
  2477 | D:2      | 2477 ||| DROPPING +0 buckler.
  2478 | D:2      | 2478 ||| DROPPING ring of wizardry.
  2479 | D:2      | 2479 ||| READING scroll labelled YROSTR IDENGOIDIGIE.
  2480 | D:2      | 2480 ||| READING scroll labelled VUPLUCY HEWN.
  2481 | D:2      | 2481 ||| DRINKING 3 glowing amethyst potions.
  2563 | D:3      | 2563 ||| Stepping ~*~*~tactically~*~*~ (stealth).
  2599 | D:3      | 2599 ||| Stepping ~*~*~tactically~*~*~ (stealth).
  2600 | D:3      | 2600 ||| Stepping ~*~*~tactically~*~*~ (stealth).
  2601 | D:3      | 2601 ||| Stepping ~*~*~tactically~*~*~ (stealth).
  2608 | D:3      | Reached skill level 4 in Shields
  2608 | D:3      | Reached XP level 4. HP: 14/28 MP: 4/4
  2608 | D:3      | 2608 ||| Stepping ~*~*~tactically~*~*~ (hiding).
  2677 | D:3      | 2677 ||| Stepping ~*~*~tactically~*~*~ (stealth).
  2813 | D:3      | Reached XP level 5. HP: 26/32 MP: 5/5
  2816 | D:3      | 2816 ||| FLEEEEING.
  2817 | D:3      | 2817 ||| FLEEEEING.
  2818 | D:3      | 2818 ||| FLEEEEING.
  2819 | D:3      | 2819 ||| FLEEEEING.
  2820 | D:3      | 2820 ||| FLEEEEING.
  2821 | D:3      | 2821 ||| FLEEEEING.
  2822 | D:3      | 2822 ||| FLEEEEING.
  2823 | D:3      | 2823 ||| FLEEEEING.
  2824 | D:3      | 2824 ||| FLEEEEING.
  2825 | D:3      | 2825 ||| FLEEEEING.
  2826 | D:3      | 2826 ||| FLEEEEING.
  2827 | D:3      | 2827 ||| FLEEEEING.
  2830 | D:3      | 2830 ||| FLEEEEING.
  2831 | D:3      | 2831 ||| FLEEEEING.
  2832 | D:3      | 2832 ||| FLEEEEING.
  2833 | D:3      | 2833 ||| FLEEEEING.
  2834 | D:3      | 2834 ||| FLEEEEING.
  2916 | D:3      | Found a sparkling altar of Nemelex Xobeh.
  2967 | D:3      | Reached skill level 5 in Shields
  2973 | D:3      | Found a runed translucent door.
  2973 | D:3      | Noticed a human
  2981 | D:3      | 2981 ||| DROPPING +0 mace.
  3220 | D:3      | Found a basalt altar of Yredelemnul.
  3313 | D:3      | 3313 ||| READING scroll labelled FAKAEGE ZOITEG.
  3364 | D:3      | 3364 ||| READING 2 scrolls of identify.
  3364 | D:3      | 3364 ||| IDENTIFYING viscous white potion
  3490 | D:4      | Found a glowing golden altar of the Shining One.
  3830 | D:4      | Found a white marble altar of Elyvilon.
  3840 | D:4      | Noticed a black bear
  3854 | D:4      | HP: 5/32 [black bear (7)]
  3855 | D:4      | HP: 2/32 [black bear (2)]
  3855 | D:4      | Slain by a black bear

Levels and vault maps discovered:
D:1:      scummos_arrival_hexagon, layout_basic,
          hellmonk_ecumenical_altar_heavens_door,
          hangedman_decor_diamond_cutter, corexii_corridor_pit
D:2:      layout_basic, serial_glass, glass_columns_b, glass_columns_a
D:3:      layout_basic, dk_yredelemnul_ordeal,
          mainiacjoe_overflow_concentric_impassable
D:4:      layout_layer_cave, mainiacjoe_overflow_brackets, kennysheep_mini

Skill      XL: |  1  2  3  4  5 |
---------------+----------------+-----
Axes           | 2 3 |  3.6
Shields        | 4 5 |  5.9
Fighting       | |  3.2
Armour         | |  3.2

Action                   |  1- 3 |  4- 6 || total
-------------------------+-------+-------++-------
Melee: War axe           |   115 |   100 ||   215
  Use: Scroll            |     3 |     2 ||     5
       Potion            |     1 |       ||     1
Armor: Scale mail        |    44 |    79 ||   123
Dodge: Dodged            |    44 |    30 ||    74
Block: Buckler           |    20 |       ||    20
       Tower shield      |     5 |    88 ||    93

Table legend:
 A = Non-vault XP
 B = Vault XP
 C = Vault XP percentage of total XP
 D = Non-vault monster count
 E = Vault monster count
 F = Vault count percentage of total count
                 A         B        C        D         E       F
            +---------+---------+-------+---------+---------+-------
      Total |     269 |      44 |  14.1 |      62 |       2 |   3.1
            +---------+---------+-------+---------+---------+-------
        D:1 |      36 |       0 |   0.0 |      21 |       0 |   0.0
        D:2 |      33 |       0 |   0.0 |      14 |       0 |   0.0
        D:3 |     126 |      44 |  25.9 |      17 |       2 |  10.5
        D:4 |      74 |       0 |   0.0 |      10 |       0 |   0.0
            +---------+---------+-------+---------+---------+-------
